 Dungeon Crawl Stone Soup version 0.19.5 (webtiles) character file.

877 strmesko the Destroyer (level 7, -3/36 HPs)
             Began as a Deep Elf Wizard on Apr 11, 2017.
             Slain by an orc
             ... wielding a +0 flail
              (5 damage)
             ... on level 6 of the Dungeon.
             The game lasted 00:33:03 (4265 turns).

strmesko the Destroyer (Deep Elf Wizard)            Turns: 4265, Time: 00:33:03

Health: -3/36      AC:  6    Str:  4    XL:     7   Next: 75%
Magic:  4/15       EV: 13    Int: 25    God:
Gold:   279        SH:  0    Dex: 17    Spells: 5 memorised, 4 levels left

rFire  . . .     SeeInvis .     C - +0 short sword (holy)
rCold  . . .     Gourm    .     a - +0 robe
rNeg   . . .     Faith    .     (no shield)
rPois  +         Spirit   .     b - +0 hat
rElec  .         Reflect  .     w - +2 cloak {MR+}
rCorr  .         Harm     .     F - +0 pair of gloves
MR     +....                    (no boots)
Stlth  ++........               (no amulet)
                                t - ring of poison resistance
                                p - +4 ring of dexterity

@: invisible
A: no striking features
a: no special abilities


You were on level 6 of the Dungeon.
You were not hungry.

You visited 1 branch of the dungeon, and saw 7 of its levels.
You also visited: Sewer.

You collected 279 gold pieces.

Inventory:

Hand Weapons
 e - a +2 dagger of venom
 s - a cursed +0 long sword
 C - a +0 short sword of holy wrath (weapon)
Armour
 a - a +0 robe (worn)
 b - a +0 hat (worn)
 w - a +2 cloak of magic resistance (worn)
 F - a +0 pair of gloves (worn)
Jewellery
 p - a +4 ring of dexterity (left hand)
 t - a ring of poison resistance (right hand)
 G - an uncursed ring of stealth {unknown}
 H - a +4 ring of strength {unknown}
Scrolls
 g - 3 scrolls of fog {unknown}
 h - 2 scrolls of enchant armour {unknown}
 j - a scroll of noise {unknown}
 k - 2 scrolls of recharging {unknown}
 m - a scroll of remove curse {unknown}
 q - a scroll of blinking {unknown}
 u - 2 scrolls of random uselessness {unknown}
 x - a scroll of magic mapping {unknown}
 y - 3 scrolls of identify {unknown}
Potions
 f - a potion of ambrosia {unknown}
 l - 2 potions of haste
 n - a potion of curing {unknown}
 o - 3 potions of invisibility
 r - a potion of brilliance {unknown}
 z - 3 potions of heal wounds {unknown}
 D - a potion of agility {unknown}
Books
 c - a book of Minor Magic

   Spells                             Type                      Level
   a - Magic Dart                     Conjuration                  1
   b - Blink                          Translocation                2
   c - Call Imp                       Summoning                    2
   d - Repel Missiles                 Charms/Air                   2
   e - Slow                           Hexes                        2
   f - Conjure Flame                  Conjuration/Fire             3
   g - Mephitic Cloud                 Conjuration/Poison/Air       3
 E - the Catalogue of Attacks
   (You found it on level 4 of the Dungeon)

   Spells                             Type                      Level
   a - Bolt of Draining               Conjuration/Necromancy       5
   b - Iron Shot                      Conjuration/Earth            6
   c - Bolt of Fire                   Conjuration/Fire             6
Comestibles
 d - 7 bread rations
 i - 2 slices of pizza
 v - 3 fruits
 A - 4 meat rations
 B - 2 beef jerkies


   Skills:
 * Level 0.2 Fighting
 - Level 0.4 Short Blades
 - Level 2.4 Dodging
 - Level 2.4 Stealth
 + Level 4.6 Spellcasting
 + Level 9.5 Conjurations
   Level 1.1 Summonings
 - Level 1.1 Translocations
 - Level 0.2 Air Magic


You had 4 spell levels left.
You knew the following spells:

 Your Spells              Type           Power        Failure   Level  Hunger
a - Magic Dart            Conj           ####         1%          1    None
b - Blink                 Tloc           N/A          10%         2    None
c - Repel Missiles        Chrm/Air       #.....       14%         2    None
d - Conjure Flame         Conj/Fire      ####....     4%          3    ##.....
e - Mephitic Cloud        Conj/Pois/Air  ###.....     10%         3    ##.....


Dungeon Overview and Level Annotations

Branches:
Dungeon (7/15)
 Temple: D:4-7

Altars:


Message History

The orc hits you but does no damage. The bullfrog hits you.
The gnoll barely misses the bullfrog.
You hit the gnoll but do no damage.
The gnoll is lightly wounded.
The bullfrog closely misses you. The orc hits you with a hand axe.
The orc hits you with a flail.
The gnoll hits the orc with a club.
The orc is killed!
The gnoll hits something with a halberd!
The bullfrog hits you. The bullfrog closely misses you.
The gnoll hits you with a club.
* * * LOW HITPOINT WARNING * * *
The bullfrog closely misses you.
You hear a distant blaring wail to the east.
The bullfrog hits you.
* * * LOW HITPOINT WARNING * * *
You hear an angry hiss.
It was a potion of invisibility.
You fade into invisibility!
The bullfrog barely misses you. The orc hits you with a flail.
You die...

. .. .
#.######.###.
....... ....# .g.:#
#.#.# #..# #.#.###
#g.# #.#... #..#
#>#.. #Fo# #.#.#
#@.###.#.#.##.#
#..<..........#
#............#.####
#.########.....#
.........
##..$..### #.#.#.#
..#.#.# ###.#.#


You could see a bullfrog, 2 gnolls and an orc.

Vanquished Creatures
  The ghost of devil0150 the Magician, an amateur HEWz (D:4)
  Purgy (Sewer)
  3 bullfrogs
  A hound (D:4)
  A centaur skeleton (D:4)
  An orc priest (D:3)
  Jessica (D:3)
  A worker ant (D:4)
  Robin (D:2)
  5 gnolls
  10 adders
  A river rat (D:3)
  2 oozes
  A worm (D:4)
  2 dart slugs
  A leopard gecko (D:1)
  5 orcs
  5 bats
  7 giant cockroaches
  12 goblins
  17 hobgoblins
  7 jackals (D:4)
  5 quokkas
  3 ball pythons (D:3)
  9 frilled lizards
  10 kobolds
  7 rats
120 creatures vanquished.

Notes
Turn   | Place    | Note
-------+----------+-------------------------------------------
     0 | D:1      | strmesko the Deep Elf Wizard began the quest for the Orb.
     0 | D:1      | Reached XP level 1. HP: 10/10 MP: 7/7
   189 | D:1      | Reached skill level 2 in Conjurations
   377 | D:1      | Reached XP level 2. HP: 13/15 MP: 3/9
   879 | D:1      | Reached skill level 3 in Conjurations
   981 | D:2      | Reached XP level 3. HP: 19/19 MP: 5/10
   985 | D:2      | Learned a level 2 spell: Blink
   988 | D:2      | Learned a level 2 spell: Repel Missiles
   992 | D:2      | Learned a level 3 spell: Conjure Flame
  1177 | D:2      | Reached skill level 4 in Conjurations
  1256 | D:2      | Reached XP level 4. HP: 24/24 MP: 8/12
  1346 | D:2      | Learned a level 3 spell: Mephitic Cloud
  1411 | D:2      | Noticed Robin
  1420 | D:2      | Killed Robin
  1890 | D:2      | Reached skill level 5 in Conjurations
  2037 | D:3      | Noticed a bullfrog
  2047 | D:3      | Killed a bullfrog
  2047 | D:3      | Reached XP level 5. HP: 18/28 MP: 7/13
  2116 | D:3      | Reached skill level 6 in Conjurations
  2197 | D:3      | Found a faded altar of an unknown god.
  2203 | D:3      | Reached XP level 6. HP: 31/32 MP: 11/14
  2266 | D:3      | Noticed Jessica
  2268 | D:3      | Killed Jessica
  2427 | D:3      | Reached skill level 7 in Conjurations
  2454 | D:3      | Found a glowing drain.
  2500 | Sewer    | Entered a sewer
  2847 | Sewer    | Noticed Purgy
  2855 | Sewer    | Killed Purgy
  3283 | D:4      | Reached skill level 8 in Conjurations
  3374 | D:4      | Reached XP level 7. HP: 30/36 MP: 8/15
  3500 | D:4      | Noticed devil0150's ghost (amateur HEWz)
  3664 | D:4      | Identified the Catalogue of Attacks
  3959 | D:4      | Killed devil0150's ghost
  3959 | D:4      | Reached skill level 9 in Conjurations
  4154 | D:5      | Entered Level 5 of the Dungeon
  4167 | D:5      | You fall through a shaft for 2 floors!
  4265 | D:6      | Slain by an orc

Skill      XL: |  1  2  3  4  5  6  7 |
---------------+----------------------+-----
Conjurations   | 2 3 4 5 6 8 9 |  9.5
Fighting       | |  0.2
Short Blades   | |  0.4
Dodging        | |  2.4
Stealth        | |  2.4
Spellcasting   | |  4.6
Summonings     | |  1.1
Translocations | |  1.1
Air Magic      | |  0.2

Action                   |  1- 3 |  4- 6 |  7- 9 || total
-------------------------+-------+-------+-------++-------
Melee: Dagger            |    11 |    66 |     7 ||    84
       Short sword       |       |       |    16 ||    16
 Cast: Magic Dart        |    63 |   148 |    36 ||   247
       Mephitic Cloud    |       |     1 |     5 ||     6
       Blink             |       |     1 |     1 ||     2
       Conjure Flame     |       |       |     4 ||     4
  Use: Potion            |       |       |     1 ||     1
 Stab: Sleeping          |       |     2 |       ||     2
  Eat: Chunk             |     1 |     6 |     3 ||    10
       Fruit             |       |       |     1 ||     1
Armor: Robe              |     2 |    18 |    17 ||    37
Dodge: Dodged            |     7 |    69 |    22 ||    98
